 Dungeon Crawl Stone Soup version 0.30-b1-2-g02819fbbbe (webtiles) character file.

Game seed: 10164795878834837323

72 snakesoul the Firebug (level 4, -26/24 HPs)
             Began as a Tengu Fire Elementalist on June 13, 2023.
             Killed by an exploding orc (48 damage)
             ... ignited by their inner flame
             ... on level 3 of the Dungeon.
             The game lasted 00:03:00 (1938 turns).

snakesoul the Firebug (Tengu Fire Elementalist)     Turns: 1938, Time: 00:03:00

Health: -26/24     AC:  2    Str:  8    XL:     4   Next: 25%
Magic:  10/18      EV: 12    Int: 18    God:
Gold:   47         SH:  0    Dex: 14    Spells: 2/8 levels left

rFire   . . .        e - +0 mace
rCold   . . .        (no shield)
rNeg    . . .        a - +0 robe
rPois   .            (helmet restricted)
rElec   .            (no cloak)
rCorr   .            (no gloves)
SInv    .            (boots unavailable)
Will    .....        (no amulet)
Stlth   ++           i - ring of magical power
HPRegen 0.24/turn    l - ring of wizardry
MPRegen 0.16/turn

%: wizardry (x1)
@: very slightly contaminated
A: beak, talons 3
a: no special abilities


You were on level 3 of the Dungeon.
You visited 1 branch of the dungeon, and saw 3 of its levels.

You collected 47 gold pieces.

Inventory:

Hand Weapons
 e - a +0 mace (weapon)
Armour
 a - a +0 robe (worn)
 u - a +0 kite shield
Jewellery
 i - a ring of magical power (left hand)
 l - a ring of wizardry (right hand)
 p - a ring of flight
Scrolls
 d - a scroll of fear {unknown}
 f - 2 scrolls of immolation {unknown}
 g - a scroll of noise {unknown}
 h - a scroll of brand weapon {unknown}
 j - a scroll of teleportation {unknown}
Potions
 b - a potion of magic
 c - a potion of invisibility {unknown}
 k - a potion of cancellation {unknown}
 m - 2 potions of heal wounds {unknown}
 n - a potion of mutation {unknown}
 o - a potion of berserk rage {unknown}
 q - a potion of haste {unknown}
 r - a potion of attraction {unknown}
 s - a potion of flight {unknown}
 t - a potion of curing {unknown}


   Skills:
 - Level 2.1 Dodging
 - Level 2.0 Stealth
 + Level 2.8 Spellcasting
 + Level 3.1 Conjurations
 + Level 4.1 Fire Magic


You had 2 spell levels left.
You knew the following spells:

 Your Spells              Type           Power      Damage    Failure   Level
a - Foxfire               Conj/Fire      60%        2x1d7     1%          1
b - Scorch                Fire           34%        2d6       1%          2
c - Inner Flame           Hex/Fire       10%        N/A       9%          3

Your spell library contained the following spells:

 Spells                   Type           Power      Damage    Failure   Level
 Shock                    Conj/Air       32%        1d5       3%          1
 Volatile Blastmotes      Fire/Tloc      20%        2d11      9%          3
 Flame Wave               Conj/Fire      15%        2d7       16%         4
 Swiftness                Air            2%         N/A       21%         3
 Airstrike                Air            1%         2d(1-17)  52%         4


Dungeon Overview and Level Annotations

Branches:
Dungeon (3/15)

Altars:


Innate Abilities, Weirdness & Mutations

You have a beak for a mouth.
You have claws for feet.


Message History

u - a +0 kite shield 4 orcs come into view.
An orc is wielding a +1 flail of holy wrath.
Casting: Foxfire (safe; 1% risk of failure)
Confirm with . or Enter, or press ? or * to list all spells.
The spell is quite dangerous to miscast (9% risk of failure)!
Continue anyway?
Aiming: Inner Flame (quite dangerous; 9% risk of failure)
Press: ? - help, Dir - move target, f - orc
Aim: an orc, wielding a +0 club, wearing a +0 leather armour and quivering boomerangs (asleep, chance to affect: 76%)
You miscast Inner Flame.
You are very lightly contaminated with residual magic.
Nothing appears to happen.
The orc shouts! x2
An orc comes into view. It is wielding a +0 club.
Casting: Inner Flame (quite dangerous; 9% risk of failure)
Confirm with . or Enter, or press ? or * to list all spells.
Okay, then.
Casting: Inner Flame (quite dangerous; 9% risk of failure)
Confirm with . or Enter, or press ? or * to list all spells.
The spell is quite dangerous to miscast (9% risk of failure)!
Continue anyway?
Okay, then.
Casting: Inner Flame (quite dangerous; 9% risk of failure)
Confirm with . or Enter, or press ? or * to list all spells.
The spell is quite dangerous to miscast (9% risk of failure)!
Continue anyway?
Aiming: Inner Flame (quite dangerous; 9% risk of failure)
Press: ? - help, Dir - move target, f/p - orc
Aim: an orc, wielding a +0 club, wearing a +0 leather armour and quivering boomerangs (chance to affect: 76%)
The orc is filled with an inner flame.
The orc shouts!
The orc misses you.
The orc hits you from afar with a +0 trident.
Casting: Inner Flame (quite dangerous; 9% risk of failure)
Confirm with . or Enter, or press ? or * to list all spells.
Flames lash the orc.
The orc explodes!
The fiery explosion engulfs the orc!!
You kill the orc!
The fiery explosion engulfs you!!!
Ouch! That really hurt!
You die...

### #...# #.#
#.# ..# #...#
#.# #.# ..#
#...# #.####.#
..#####.##
#.#....#
......#.#
#.####
..###.#.# #.#
..# #.#. #.#
..# #.# #.# ###
#.# #@# #.#
.o.oo)§§.#
#.########§####
#........#.
########.# #.#
#.# #.# #.#


You could see 3 orcs.

Vanquished Creatures
  2 adders (D:2)
  A dart slug (D:2)
  2 orcs (D:3)
  3 ball pythons (D:1)
  4 bats
  5 endoplasms
  3 giant cockroaches (D:1)
  3 goblins
  9 hobgoblins
  3 jackals (D:2)
  3 frilled lizards (D:1)
  4 kobolds
  5 rats (D:1)
47 creatures vanquished.

Vanquished Creatures (others)
  100 foxfires
  A withered plant (D:3)
101 creatures vanquished.

Grand Total: 148 creatures vanquished

Notes
Turn   | Place    | Note
-------+----------+-------------------------------------------
     0 | D:1      | snakesoul the Tengu Fire Elementalist began the quest for
                  | the Orb.
     0 | D:1      | Reached XP level 1. HP: 10/10 MP: 4/4
   187 | D:1      | Reached XP level 2. HP: 15/15 MP: 4/6
   209 | D:1      | Learned a level 2 spell: Scorch
   536 | D:1      | Reached XP level 3. HP: 15/19 MP: 5/7
   540 | D:1      | Learned a level 3 spell: Inner Flame
  1266 | D:2      | Reached skill level 4 in Fire Magic
  1485 | D:2      | Reached XP level 4. HP: 20/24 MP: 9/9
  1938 | D:3      | Killed by an exploding orc... ignited by their inner flame

Illustrated notes

Levels and vault maps discovered:
D:1:      minmay_arrival_wavy_path, layout_basic
D:2:      layout_rooms, minmay_domino_2
D:3:      layout_basic, kiku_gazebo_garden_becter, basic_ecumenical_altar

Skill      XL: |  1  2  3 |
---------------+----------+-----
Conjurations   | 2 3 |  3.1
Fire Magic     | 4 |  4.1
Dodging        | |  2.1
Stealth        | |  2.0
Spellcasting   | |  2.8

Action                     |  1- 3 |  4- 6 || total
---------------------------+-------+-------++-------
  Melee: Mace              |    43 |     6 ||    49
         Kick              |    11 |       ||    11
         Peck              |     7 |     1 ||     8
   Cast: Foxfire           |    57 |    11 ||    68
         Scorch            |       |     3 ||     3
         Inner Flame       |       |     1 ||     1
   Stab: Sleeping          |     2 |     1 ||     3
 Armour: Robe              |     7 |       ||     7
  Dodge: Dodged            |    33 |     9 ||    42
